 Dungeon Crawl Stone Soup version 0.31-a0-1352-gc98d92de7d (webtiles) character file.

Game seed: 10833667055270008699

580 shadizar the Magician (level 7, -2/52 HPs)
             Began as a Djinni Fire Elementalist on Dec 22, 2023.
             Slain by a wight
             ... wielding a +0 great sword
              (19 damage)
             ... on level 3 of the Dungeon.
             The game lasted 00:13:26 (4005 turns).

shadizar the Magician (Djinni Fire Elementalist)    Turns: 4005, Time: 00:13:26

Health: -2/52      AC:  3    Str:  7    XL:     7   Next: 63%
Gold:   166        EV: 13    Int: 18    God:
                   SH:  0    Dex: 14

rFire   + + .        c - +2 dagger (holy)
rCold   x . .        (no shield)
rNeg    . . .        a - +0 robe
rPois   ∞            (no helmet)
rElec   .            s - +0 cloak
rCorr   .            (no gloves)
SInv    .            (boots unavailable)
Will    .....        (no amulet)
Stlth   ++           (no ring)
HPRegen 0.28/turn    (no ring)
MPRegen 0.00/turn

%: infuse magic (-3 HP)
@: flying
A: sickness immunity, fire resistance 2, cold vulnerability 1, float, innate
caster, HP casting, extra vitality 1
a: no special abilities


You were on level 3 of the Dungeon.
You visited 1 branch of the dungeon, and saw 4 of its levels.

You collected 166 gold pieces.

Inventory:

Hand Weapons
 c - a +2 dagger of holy wrath (weapon)
 g - a +0 short sword of flaming
 j - a +0 sling
 u - a +3 vampiric short sword
Missiles
 o - 11 stones
Armour
 a - a +0 robe (worn)
 s - a +0 cloak (worn)
Jewellery
 x - the Hermit's Pendant {Faith Invo=14 Evo=0 MP+5}
   (You found it on level 3 of the Dungeon)

   [amulet of faith]

   Invo=14: It sets your Invocations skill to 14.
   Evo=0: It sets your Evocations skill to 0.
   Faith:     It allows you to gain divine favour quickly.
   MP+5:      It affects your magic capacity (+5).
Scrolls
 b - 2 scrolls of fear
 d - a scroll of noise
 f - 2 scrolls of vulnerability
Potions
 e - 2 potions of curing {unknown}
 h - a potion of invisibility {unknown}
 n - a potion of haste {unknown}
 q - 2 potions of lignification
 v - 2 potions of brilliance
 w - 2 potions of might


   Skills:
 + Level 4.3 Fighting
 + Level 4.4 Dodging
 - Level 1.5 Stealth
 + Level 5.0 Spellcasting
 + Level 5.0 Conjurations
 + Level 5.0 Hexes
   Level 0.0 Charms
 + Level 5.0 Summonings
 + Level 5.0 Necromancy
 + Level 5.0 Translocations
   Level 0.0 Transmutations
 + Level 5.0 Fire Magic
 + Level 5.0 Ice Magic
 + Level 5.0 Air Magic
 + Level 5.0 Earth Magic
 + Level 5.0 Alchemy


You knew the following spells:

 Your Spells              Type           Power      Damage    Failure   Level
a - Foxfire               Conj/Fire      88%        2x1d8     1%          1
b - Scorch                Fire           44%        2d6       2%          2
c - Volatile Blastmotes   Fire/Tloc      44%        2d13      4%          3
d - Inner Flame           Hex/Fire       22%        N/A       4%          3
e - Flame Wave            Conj/Fire      22%        2d8       17%         4
f - Summon Small Mammal   Summ           88%        N/A       1%          1
g - Jinxbite              Hex            44%        N/A       2%          2
h - Static Discharge      Conj/Air       44%        3-5/arc   2%          2
Your spell library was empty.

Dungeon Overview and Level Annotations

Branches:
Dungeon (4/15)
 Temple: D:4-7

Altars:
Dithmenos
Xom


Innate Abilities, Weirdness & Mutations

You are immune to sickness and miasma.
You are immune to poison.
Your flesh is very heat resistant. (rF++)
You are vulnerable to cold. (rC-)
You float through the air rather than walking.
You learn spells naturally, not from books.
Your magical power is your life essence.
You have superior vitality. (+4 MHP)


Message History

You are very lightly contaminated with residual magic.
Nothing appears to happen.
The wight misses you.
A wight comes into view. It is wielding a +0 halberd.
Unknown command.
The wight is no longer more vulnerable to fire.
The wight attacks as it pursues you! The wight barely misses you.
The wight attacks as it pursues you! The wight barely misses you.
Your magical contamination has completely faded away.
The wight attacks as it pursues you!
The wight hits you with a +0 great sword!
The wight attacks as it pursues you! The wight barely misses you.
The wight attacks as it pursues you! The wight barely misses you.
The wight attacks as it pursues you!
The wight hits you with a +0 great sword.
The wight attacks as it pursues you! The wight barely misses you.
There is a stone staircase leading up here.
The wight closely misses you. The wight barely misses you.
You fly upwards.
There is a stone staircase leading down here.
Unknown command.
The wight completely misses you. The wight attacks as it pursues you!
The wight misses you. The wight attacks as it pursues you!
The wight misses you.
Casting: Scorch (safe; 2% risk of failure)
Confirm with . or Enter, or press ? or * to list all spells.
Flames lash the wight but do no damage.
The wight hits you but does no damage.
Unknown command.
Casting: Scorch (safe; 2% risk of failure)
Confirm with . or Enter, or press ? or * to list all spells.
Flames lash the wight.
The wight is heavily damaged.
The wight's fire resistance burns away.
The wight hits you with a +0 great sword!
Unknown command.
Casting: Scorch (safe; 2% risk of failure)
Confirm with . or Enter, or press ? or * to list all spells.
Flames lash the wight.
The wight is burned terribly!
The wight is almost destroyed.
The wight hits you with a +0 great sword!!
You die...

### ### #########.####.#
#............#.###
#.#######.<#.#.... #.# #.##.#.###
#.# #.##.#.# #.# #.##.#.# #@#
#.##.#.# #z# #.##.#.# #z#
#.##.#.# #.# #.##.#.###
################.#######.#..#....
..............>........#....###..
##############...................
#########.#....#....#...#..#.....
...#......#.##.####.#............


You could see 2 wights.

Vanquished Creatures
  A steam dragon (D:3)
  6 wights
  Jessica (D:2)
  2 adders
  2 shadow imps (D:4)
  4 ufetubi
  A worm (D:3)
  2 dart slugs
  5 orcs
  10 endoplasms
  2 giant cockroaches
  7 hobgoblins
  A quokka (D:3)
  9 ball pythons
  3 bats
  5 frilled lizards
  3 goblins
  4 kobolds
  7 rats
75 creatures vanquished.

Vanquished Creatures (others)
  11 foxfires (D:1)
11 creatures vanquished.

Grand Total: 86 creatures vanquished

Notes
Turn   | Place    | Note
-------+----------+-------------------------------------------
     0 | D:1      | shadizar the Djinni Fire Elementalist began the quest for
                  | the Orb.
     0 | D:1      | shadizar set off with the following spells memorised:
                  | Foxfire, Scorch, Volatile Blastmotes, Inner Flame, Flame
                  | Wave.
     0 | D:1      | Reached XP level 1. HP: 15/15 MP: 0/0
   247 | D:1      | Reached XP level 2. HP: 11/22 MP: 0/0
   631 | D:1      | Reached skill level 1 in Fighting
   637 | D:1      | Reached XP level 3. HP: 22/27 MP: 0/0
   637 | D:1      | Learned a level 1 spell: Summon Small Mammal
   980 | D:2      | Noticed Jessica
   984 | D:2      | Killed Jessica
   985 | D:2      | Reached XP level 4. HP: 24/32 MP: 0/0
  2063 | D:3      | Noticed a wight
  2063 | D:3      | Noticed a wight
  2064 | D:3      | Noticed a wight
  2064 | D:3      | Noticed a wight
  2064 | D:3      | Noticed a wight
  2101 | D:2      | Killed a wight
  2102 | D:2      | Reached XP level 5. HP: 19/39 MP: 0/0
  2102 | D:2      | Learned a level 2 spell: Jinxbite
  2239 | D:3      | Found a shadowy altar of Dithmenos.
  2267 | D:3      | Reached XP level 6. HP: 34/46 MP: 0/0
  2939 | D:3      | Reached XP level 7. HP: 46/51 MP: 0/0
  2939 | D:3      | Learned a level 2 spell: Static Discharge
  3153 | D:3      | Found a faded altar of an unknown god.
  3163 | D:3      | Found a shimmering altar of Xom.
  3367 | D:3      | Noticed a steam dragon
  3399 | D:3      | Killed a steam dragon
  3571 | D:3      | Found a faded altar of an unknown god.
  3571 | D:3      | Found the Hermit's Pendant {Faith Invo=14 Evo=0 MP+5}
  3978 | D:4      | Reached skill level 5 in Spellcasting
  3978 | D:4      | Reached skill level 5 in Conjurations
  3978 | D:4      | Reached skill level 5 in Hexes
  3978 | D:4      | Reached skill level 5 in Summonings
  3978 | D:4      | Reached skill level 5 in Necromancy
  3978 | D:4      | Reached skill level 5 in Translocations
  3978 | D:4      | Reached skill level 5 in Fire Magic
  3978 | D:4      | Reached skill level 5 in Ice Magic
  3978 | D:4      | Reached skill level 5 in Air Magic
  3978 | D:4      | Reached skill level 5 in Earth Magic
  3978 | D:4      | Reached skill level 5 in Alchemy
  4005 | D:3      | Slain by a wight

Illustrated notes

Levels and vault maps discovered:
D:1:      dpeg_arrival_rooms_a, layout_loops_ring
D:2:      layout_basic, kennysheep_flooded_box, roderic_lattice_a,
          roderic_st_hans_cross, roderic_serpentine_path, minmay_fountain_box,
          ebering_dispersal_statue_hall, uniq_jessica
D:3:      layout_basic, old_standard_altar, nicolae_dithmenos_shadow_blocks,
          nicolae_overflow_ecumenical_swirl, minmay_misc_feat_plants,
          hellmonk_guarded_unrand_hermit
D:4:      layout_cave_pools, serial_demonic, serial_demonic_d, serial_demonic_e,
          serial_demonic_e, serial_demonic_e, serial_shops, shop,
          nicolae_shop_crystal, nicolae_lakefront_shop,
          nicolae_shop_behind_doors, shop

Skill      XL: |  1  2  3  4  5  6  7 |
---------------+----------------------+-----
Fighting       | 1 2 3 4 |  4.3
Spellcasting   | 4 5 |  5.0
Conjurations   | 4 5 |  5.0
Hexes          | 4 5 |  5.0
Summonings     | 4 5 |  5.0
Necromancy     | 4 5 |  5.0
Translocations | 4 5 |  5.0
Fire Magic     | 4 5 |  5.0
Ice Magic      | 4 5 |  5.0
Air Magic      | 4 5 |  5.0
Earth Magic    | 4 5 |  5.0
Alchemy        | 4 5 |  5.0
Dodging        | 3 4 |  4.4
Stealth        | |  1.5

Action                     |  1- 3 |  4- 6 |  7- 9 || total
---------------------------+-------+-------+-------++-------
  Melee: Dagger            |     3 |       |    14 ||    17
   Cast: Foxfire           |    12 |       |       ||    12
         Scorch            |    20 |    59 |    24 ||   103
         Summon Small Mamm |       |       |     1 ||     1
         Volatile Blastmot |       |       |     1 ||     1
    Use: Scroll            |       |       |    13 ||    13
 Armour: Robe              |     2 |    14 |    24 ||    40
  Dodge: Dodged            |     4 |    17 |    48 ||    69

Table legend: (Time is in decaauts)
 A = Elapsed time spent in this place.
 B = Non-inter-level travel time spent in this place.
 C = Inter-level travel time spent in this place.
 D = Time resting spent in this place.
 E = Time spent auto-exploring this place.
 F = Levels seen in this place.
 G = Mean time per level.
                   A        B        C        D        E       F      G
               +--------+--------+--------+--------+--------+-----+--------+
         Total |   4005 |   3884 |    121 |      0 |   2791 |   4 | 1001.2 |
       Dungeon |   4005 |   3884 |    121 |      0 |   2791 |   4 | 1001.2 |
               +--------+--------+--------+--------+--------+-----+--------+

Top non-repeatable levels by time:
     D:3: 1848 daAuts
     D:2: 1178 daAuts
     D:1: 909 daAuts
     D:4: 69 daAuts
